CAL
LANCASTER JETHAWKS @ HIGH DESERT MAVERICKS
07/09/2098
 
TOP OF THE 1ST
Lancaster JetHawks batting - Pitching for High Desert Mavericks : RHP Mario Vega
Pitching: RHP Mario Vega
Batting: RHB Paul Baudry 0-0: Ball
1-0: Foul Ball, location: 2F
1-1: Ground out 4-3 (Groundball, 4, EV 81.9 MPH)
Batting: RHB Angel Perez 0-0: Called Strike
0-1: Ball
1-1: Ball
2-1: Called Strike
2-2: Ball
3-2: Strikes out looking
Batting: LHB Marc Helms 0-0: Ball
1-0: Foul Ball, location: 5FF
1-1: Swinging Strike
1-2: Ball
2-2: Foul Ball, location: 2F
2-2: Fly out, F9 (Line Drive, 9S, EV 104.4 MPH)
Top of the 1st over - 0 runs, 0 hits, 0 errors, 0 left on base; Lancaster 0 - High Desert 0
BOTTOM OF THE 1ST
High Desert Mavericks batting - Pitching for Lancaster JetHawks : LHP Jeremiah Boatwright
Pitching: LHP Jeremiah Boatwright
Batting: RHB Colin Milligan 0-0: Ball
1-0: Ball
2-0: Ball
3-0: Called Strike
3-1: Called Strike
3-2: Base on Balls
Batting: RHB Phil Roth 0-0: Foul Ball, location: 9LDF
0-1: Ball
1-1: Foul Ball, location: 2F
1-2: Strikes out looking
Batting: LHB Jose Mejia 0-0: Called Strike
Colin Milligan steals 2nd base
0-1: Ball
1-1: Swinging Strike
1-2: Strikes out looking
Batting: RHB Garrett Vieau 0-0: Fly out, F9 (Flyball, 9D, EV 94.4 MPH)
Bottom of the 1st over - 0 runs, 0 hits, 0 errors, 1 left on base; Lancaster 0 - High Desert 0
TOP OF THE 2ND
Lancaster JetHawks batting - Pitching for High Desert Mavericks : RHP Mario Vega
Batting: LHB Jesse Boal 0-0: Foul Ball, location: 23FF
0-1: Ball
1-1: Ball
2-1: Ball
3-1: Foul Ball, location: 3SF
3-2: Base on Balls
Batting: RHB Matt Freeman 0-0: Swinging Strike
0-1: Ball
1-1: Foul Ball, location: 2F
1-2: Foul Ball, location: 2F
1-2: Ball
2-2: Ball
3-2: Strikes out looking
Jesse Boal is caught stealing 2nd base 2-4
Batter strikes out.
Batting: RHB Oscar Garza 0-0: Ball
1-0: Called Strike
1-1: Ball
2-1: Fly out, F9 (Line Drive, 9S, EV 96.3 MPH)
Top of the 2nd over - 0 runs, 0 hits, 0 errors, 0 left on base; Lancaster 0 - High Desert 0
BOTTOM OF THE 2ND
High Desert Mavericks batting - Pitching for Lancaster JetHawks : LHP Jeremiah Boatwright
Batting: LHB Bill Angeron 0-0: Ground out 4-3 (Groundball, 4, EV 101.3 MPH)
Batting: RHB Elliot Hohl 0-0: Called Strike
0-1: Swinging Strike
0-2: Strikes out looking
Batting: RHB Logan Jones 0-0: Ball
1-0: Foul Ball, location: 2F
1-1: Called Strike
1-2: Foul Ball, location: 5F
1-2: Strikes out swinging
Bottom of the 2nd over - 0 runs, 0 hits, 0 errors, 0 left on base; Lancaster 0 - High Desert 0
TOP OF THE 3RD
Lancaster JetHawks batting - Pitching for High Desert Mavericks : RHP Mario Vega
Batting: RHB Gary Wilson 0-0: Called Strike
0-1: Ball
1-1: Foul Ball, location: 2F
1-2: Ball
2-2: Ball
3-2: Strikes out swinging
Batting: RHB Fernando Soliz 0-0: Foul Ball, location: 25F
0-1: Ball
1-1: Swinging Strike
1-2: Ball
2-2: Fly out, F9 (Flyball, 89M, EV 91.3 MPH)
Batting: RHB Chad Poppenberg 0-0: Ball
1-0: Foul Ball, location: 2RF
1-1: Ball
2-1: Foul Ball, location: 2F
2-2: Ball
3-2: SINGLE (Line Drive, 89S, EV 97.5 MPH)
Batting: RHB Paul Baudry 0-0: Called Strike
0-1: Fly out, F8 (Flyball, 89M, EV 93.8 MPH)
Top of the 3rd over - 0 runs, 1 hit, 0 errors, 1 left on base; Lancaster 0 - High Desert 0
BOTTOM OF THE 3RD
High Desert Mavericks batting - Pitching for Lancaster JetHawks : LHP Jeremiah Boatwright
Batting: RHB Joe Keyser 0-0: Ball
1-0: Fly out, F7 (Flyball, 78S, EV 88.8 MPH)
Batting: RHB Edgar Rodriguez 0-0: Ball
1-0: Foul Ball, location: 25F
1-1: Foul Ball, location: 9LMF
1-2: Ball
2-2: Ball
3-2: Foul Ball, location: 9LSF
3-2: Foul Ball, location: 23FF
3-2: Fly out, F9 (Line Drive, 89S, EV 104.4 MPH)
Batting: RHB Colin Milligan 0-0: Foul Ball, location: 25F
0-1: Ball
1-1: Ball
2-1: Called Strike
2-2: Strikes out swinging
Bottom of the 3rd over - 0 runs, 0 hits, 0 errors, 0 left on base; Lancaster 0 - High Desert 0
TOP OF THE 4TH
Lancaster JetHawks batting - Pitching for High Desert Mavericks : RHP Mario Vega
Batting: RHB Angel Perez 0-0: Ball
1-0: Called Strike
1-1: Called Strike
1-2: Fly out, F7 (Flyball, 7, EV 88.1 MPH)
Batting: LHB Marc Helms 0-0: Swinging Strike
0-1: Fly out, F7 (Flyball, 7LM, EV 76.9 MPH)
Batting: LHB Jesse Boal 0-0: Foul Ball, location: 25FF
0-1: Ball
1-1: Swinging Strike
1-2: Foul Ball, location: 5FF
1-2: Strikes out swinging
Top of the 4th over - 0 runs, 0 hits, 0 errors, 0 left on base; Lancaster 0 - High Desert 0
BOTTOM OF THE 4TH
High Desert Mavericks batting - Pitching for Lancaster JetHawks : LHP Jeremiah Boatwright
Batting: RHB Phil Roth 0-0: Ball
1-0: Called Strike
1-1: Called Strike
1-2: Foul Ball, location: 9LDF
1-2: Ball
2-2: Strikes out looking
Batting: LHB Jose Mejia 0-0: Ball
1-0: Foul Ball, location: 3F
1-1: Foul Ball, location: 25F
1-2: Ball
2-2: Foul Ball, location: 23F
2-2: SINGLE (Groundball, 3D, EV 105.6 MPH)
Batting: RHB Garrett Vieau 0-0: Fly out, F7 (Flyball, 78M, EV 93.8 MPH)
Batting: LHB Bill Angeron 0-0: Called Strike
0-1: Foul Ball, location: 2F
0-2: Ball
1-2: Ball
2-2: Strikes out swinging
Bottom of the 4th over - 0 runs, 1 hit, 0 errors, 1 left on base; Lancaster 0 - High Desert 0
TOP OF THE 5TH
Lancaster JetHawks batting - Pitching for High Desert Mavericks : RHP Mario Vega
Batting: RHB Matt Freeman 0-0: Foul Ball, location: 2F
0-1: Ball
1-1: Called Strike
1-2: Strikes out swinging
Batting: RHB Oscar Garza 0-0: Ball
1-0: Called Strike
1-1: Ball
2-1: Ball
3-1: Foul Ball, location: 2F
3-2: Ground out 6-3 (Groundball, P, EV 81.3 MPH)
Batting: RHB Gary Wilson 0-0: Ball
1-0: Foul Ball, location: 5FF
1-1: Foul Ball, location: 9LDF
1-2: Ball
2-2: Ball
3-2: SINGLE (Line Drive, 7LS, EV 93.8 MPH)
Batting: RHB Fernando Soliz 0-0: Ball
1-0: Called Strike
1-1: Foul Ball, location: 2F
1-2: SINGLE (Groundball, 6M, EV 107.5 MPH) (infield hit)
Gary Wilson to second
Batting: RHB Chad Poppenberg 0-0: Called Strike
0-1: Swinging Strike
0-2: Foul Ball, location: 2F
0-2: Fly out, F8 (Line Drive, 89D, EV 90.6 MPH)
Top of the 5th over - 0 runs, 2 hits, 0 errors, 2 left on base; Lancaster 0 - High Desert 0
BOTTOM OF THE 5TH
High Desert Mavericks batting - Pitching for Lancaster JetHawks : LHP Jeremiah Boatwright
Batting: RHB Elliot Hohl 0-0: Swinging Strike
0-1: Foul Ball, location: 25F
0-2: Strikes out swinging
Batting: RHB Logan Jones 0-0: Ball
1-0: Foul Ball, location: 9LDF
1-1: Foul Ball, location: 2F
1-2: SINGLE (Groundball, 56D, EV 99.4 MPH)
Batting: RHB Joe Keyser 0-0: Ball
1-0: Fly out, F8 (Flyball, 89M, EV 86.3 MPH)
Batting: RHB Edgar Rodriguez 0-0: Ball
1-0: Ball
2-0: Fly out, F4 (Popup, 13, EV 89.4 MPH)
Bottom of the 5th over - 0 runs, 1 hit, 0 errors, 1 left on base; Lancaster 0 - High Desert 0
TOP OF THE 6TH
Lancaster JetHawks batting - Pitching for High Desert Mavericks : RHP Mario Vega
Batting: RHB Paul Baudry 0-0: Ball
1-0: Called Strike
1-1: Swinging Strike
1-2: Ball
2-2: Ball
3-2: Strikes out swinging, 2-3 out at first.
Batting: RHB Angel Perez 0-0: Ball
1-0: SINGLE (Line Drive, 3D, EV 98.8 MPH)
Batting: LHB Marc Helms 0-0: SINGLE (Line Drive, 56D, EV 107.5 MPH)
Angel Perez to second
Batting: LHB Jesse Boal 0-0: SINGLE (Groundball, 6MD, EV 96.9 MPH)
Angel Perez to third
Marc Helms to second
Runner from 3rd tries for Home, SAFE, throw by CF to home
Batting: RHB Matt Freeman 0-0: Called Strike
0-1: Fly out, F7 (Flyball, 7D, EV 105.0 MPH)
Runner from 2nd tags up, SAFE at 3rd with throw by LF
Pitching: RHP Matt Wilczynski
Batting: RHB Oscar Garza 0-0: Called Strike
0-1: Foul Ball, location: 3F
0-2: Strikes out swinging
Top of the 6th over - 1 run, 3 hits, 0 errors, 2 left on base; Lancaster 1 - High Desert 0
BOTTOM OF THE 6TH
High Desert Mavericks batting - Pitching for Lancaster JetHawks : LHP Jeremiah Boatwright
Batting: RHB Colin Milligan 0-0: Foul Ball, location: 5F
0-1: Ball
1-1: Ball
2-1: Ball
3-1: Called Strike
3-2: Base on Balls
Batting: RHB Phil Roth 0-0: Foul Ball, location: 5FF
0-1: SINGLE (Groundball, 4MD, EV 96.3 MPH)
Colin Milligan to second
Runner from 2nd tries for 3rd, SAFE, throw by CF made to third
Pinch Hitting: RHB Jason Perilli 0-0: Swinging Strike
0-1: Ball
1-1: Swinging Strike
1-2: Fly out, F9 (Flyball, 9D, EV 105.0 MPH)
Runner from 3rd tags up, SCORES, throw by RF
Batting: RHB Garrett Vieau 0-0: Ball
1-0: SINGLE (Groundball, 6MS, EV 73.8 MPH) (infield hit)
Phil Roth to second
Batting: LHB Bill Angeron 0-0: Ball
1-0: Fielders Choice at 2nd, 5-4 (Groundball, 56S, EV 93.8 MPH)
Phil Roth to third
Batting: RHB Elliot Hohl 0-0: Called Strike
0-1: Foul Ball, location: 2F
0-2: Foul Ball, location: 9LSF
0-2: Strikes out looking
Bottom of the 6th over - 1 run, 2 hits, 0 errors, 2 left on base; Lancaster 1 - High Desert 1
TOP OF THE 7TH
Lancaster JetHawks batting - Pitching for High Desert Mavericks : RHP Matt Wilczynski
Now in LF: Jason Perilli
Now in CF: Bill Angeron
Batting: RHB Gary Wilson 0-0: Foul Ball, location: 2F
0-1: Foul Ball, location: 5FF
0-2: Ground out 4-3 (Groundball, 4, EV 103.8 MPH)
Batting: RHB Fernando Soliz 0-0: Ball
1-0: Ball
2-0: Ball
3-0: Base on Balls
Batting: RHB Chad Poppenberg 0-0: Swinging Strike
0-1: Swinging Strike
0-2: Ball
1-2: Ball
2-2: Ball
3-2: SINGLE (Line Drive, 8RS, EV 105.6 MPH)
Fernando Soliz to second
Batting: RHB Paul Baudry 0-0: Called Strike
0-1: Foul Ball, location: 2F
0-2: Ball
1-2: Strikes out looking
Batting: RHB Angel Perez 0-0: Called Strike
0-1: Ball
1-1: Fly out, F7 (Flyball, 7, EV 88.8 MPH)
Top of the 7th over - 0 runs, 1 hit, 0 errors, 2 left on base; Lancaster 1 - High Desert 1
BOTTOM OF THE 7TH
High Desert Mavericks batting - Pitching for Lancaster JetHawks : LHP Jeremiah Boatwright
Batting: RHB Logan Jones 0-0: Called Strike
0-1: Foul Ball, location: 9LMF
0-2: Foul Ball, location: 2F
0-2: Ball
1-2: Foul Ball, location: 2F
1-2: Ball
2-2: Foul Ball, location: 7LMF
2-2: Ground out 6-3 (Groundball, 6, EV 103.1 MPH)
Batting: RHB Joe Keyser 0-0: Called Strike
0-1: Fly out, F8 (Flyball, 8LM, EV 91.3 MPH)
Batting: RHB Edgar Rodriguez 0-0: Called Strike
0-1: Ball
1-1: Hit by Pitch
Batting: RHB Colin Milligan 0-0: Ball
1-0: Fielders Choice at 2nd, 6-4 (Groundball, 6, EV 88.1 MPH)
Bottom of the 7th over - 0 runs, 0 hits, 0 errors, 1 left on base; Lancaster 1 - High Desert 1
TOP OF THE 8TH
Lancaster JetHawks batting - Pitching for High Desert Mavericks : RHP Matt Wilczynski
Pitching: LHP Mauricio Vasquez
Pinch Hitting: RHB Nate McKean 0-0: Foul Ball, location: 5FF
0-1: Called Strike
0-2: Strikes out swinging
Batting: LHB Jesse Boal 0-0: Ground out 6-3 (Groundball, 6MS, EV 83.1 MPH)
Pitching: RHP Ryan Fuller
Batting: RHB Matt Freeman 0-0: Called Strike
0-1: Ball
1-1: Ball
2-1: Ball
3-1: Called Strike
3-2: Strikes out swinging
Top of the 8th over - 0 runs, 0 hits, 0 errors, 0 left on base; Lancaster 1 - High Desert 1
BOTTOM OF THE 8TH
High Desert Mavericks batting - Pitching for Lancaster JetHawks : LHP Jeremiah Boatwright
Pitching: LHP Ben Montgomery
Now at 3B: David Warren
Now at SS: Chad Poppenberg
Now in RF: Fernando Soliz
Batting: RHB Phil Roth 0-0: Called Strike
0-1: Ball
1-1: Swinging Strike
1-2: Ball
2-2: DOUBLE (Line Drive, 78M, EV 103.1 MPH)
Batting: RHB Jason Perilli 0-0: Called Strike
0-1: Swinging Strike
0-2: Foul Ball, location: 3SF
0-2: Foul Ball, location: 23FF
0-2: Hit by Pitch
Batting: RHB Garrett Vieau 0-0: SINGLE (Groundball, 6MD, EV 103.1 MPH)
Phil Roth to third
Jason Perilli to second
Runner from 3rd tries for Home, SAFE, throw by CF to home
Pinch Hitting: RHB Sean Holloway 0-0: Ball
1-0: Foul Ball, location: 2LF
1-1: Fielders Choice at 2nd, 3-6 (Groundball, 34, EV 90.0 MPH)
Jason Perilli to third
Batting: RHB Elliot Hohl 0-0: Ball
1-0: Ball
2-0: Fly out, F7 (Flyball, 78M, EV 89.4 MPH)
Runner from 3rd tags up, SCORES, throw by LF
Batting: RHB Logan Jones 0-0: Fielders Choice at 2nd, 5-4 (Groundball, 5, EV 85.0 MPH)
Bottom of the 8th over - 2 runs, 2 hits, 0 errors, 1 left on base; Lancaster 1 - High Desert 3
TOP OF THE 9TH
Lancaster JetHawks batting - Pitching for High Desert Mavericks : RHP Ryan Fuller
Now in CF: B.J. Tegeler
Batting: RHB Oscar Garza 0-0: Called Strike
0-1: Fly out, F9 (Flyball, 89S, EV 97.5 MPH)
Batting: RHB Gary Wilson 0-0: Called Strike
0-1: SINGLE (Groundball, 4MD, EV 102.5 MPH)
Batting: RHB Fernando Soliz 0-0: Called Strike
0-1: Ball
1-1: Called Strike
1-2: DOUBLE (Flyball, 8LXD, EV 95.6 MPH)
Gary Wilson to third
Batting: RHB Chad Poppenberg 0-0: Ball
1-0: Ball
2-0: Ball
3-0: Called Strike
3-1: Base on Balls
Batting: RHB Paul Baudry 0-0: Called Strike
0-1: Fly out, F4 (Line Drive, 4M, EV 100.0 MPH)
Lined into DP, U4 (Line Drive, 4M, EV 100.0 MPH)
Top of the 9th over - 0 runs, 2 hits, 0 errors, 2 left on base; Lancaster 1 - High Desert 3
Tuesday, April 9th , 2024 - OOTP Baseball 24.11 Build 85